Map: Jagannatha LE

Players

PtitDrogo

  • Race: Protoss Protoss
  • League: Grandmaster

Vanya - Winner!

  • Race: Zerg Zerg
  • League: Master

Event: DreamHack SC2 Masters 2021 Summer

VOD

Have the link to the VOD?

Description

Time

  • Played on: May 25, 2021, 11 a.m.
  • Length: 7:29

All games in this series

Show
View Real Time Build Order
Export as new Build Order

PtitDrogo Protoss 

Build Orders: 1 Gate Expand, Zealot Archon, Dark Templar Rush 

Get SALT Encoding   

  12  0:00  Probe  
  13  0:12  Probe  
  14  0:20  Pylon  
  14  0:30  Probe (Chrono Boost)  
  15  0:40  Gateway  
  15  0:42  Probe (Chrono Boost)  
  16  0:48  Probe (Chrono Boost)  
  17  0:51  Assimilator  
  17  0:56  Probe  
  18  1:08  Probe  
  19  1:20  Probe  
  20  1:28  Nexus  
  20  1:37  Cybernetics Core  
  20  1:39  Probe  
  21  1:46  Assimilator  
  21  1:51  Probe  
  22  1:54  Pylon  
  22  2:03  Probe  
  23  2:10  Adept (Chrono Boost)  
  23  2:13  Warp Gate  
  25  2:15  Probe  
  26  2:24  Twilight Council  
  26  2:28  Probe (Chrono Boost)  
  27  2:35  Stalker  
  29  2:40  Probe (Chrono Boost)  
  29  2:43  Probe (Chrono Boost)  
  31  2:49  Probe (Chrono Boost)  
  33  2:51  Probe (Chrono Boost)  
  33  2:53  Robotics Facility  
  33  2:55  Probe  
  34  2:58  Probe  
  35  3:08  Probe  
  35  3:10  Probe  
  37  3:13  Gateway  
  37  3:20  Probe, Dark Shrine  
  37  3:24  Adept  
  37  3:27  Probe  
  41  3:32  Probe  
  42  3:35  Gateway  
  42  3:40  Warp Prism (Chrono Boost)  
  42  3:46  Assimilator  
  44  3:50  Pylon  
  44  3:52  Probe  
  44  3:55  Probe  
  46  4:01  Pylon  
  46  4:08  Adept  
  48  4:10  Adept  
  48  4:11  Probe x2  
  52  4:18  Assimilator  
  52  4:23  Probe  
  52  4:24  Probe  
  54  4:33  Dark Templar x3  
  54  4:35  Probe  
  54  4:36  Probe  
  51  5:06  Dark Templar x2  
  51  5:08  Probe  
  51  5:13  Archon  
  52  5:15  Probe  
  52  5:18  Immortal (Chrono Boost)  
  52  5:20  Probe  
  58  5:22  Nexus  
  58  5:25  Zealot  
  58  5:27  Probe  
  60  5:32  Probe  
  61  5:39  Probe, Zealot  
  62  5:43  Pylon  
  62  5:51  Pylon  
  62  5:56  Probe x2  
  62  5:58  Immortal (Chrono Boost)  
  62  6:03  Dark Templar  
  68  6:05  Dark Templar  
  68  6:09  Probe x2  
  72  6:14  Forge  
  72  6:19  Nexus  
  72  6:21  Probe x2, Pylon  
  72  6:22  Dark Templar  
  76  6:33  Pylon  
  76  6:34  Probe x2  
  76  6:39  Immortal  
  82  6:42  Archon  
  82  6:45  Shield Battery  
  82  6:47  Shield Battery  
  82  6:48  Gateway x2  
  82  6:49  Gateway  
  82  6:57  Zealot  
  82  6:58  Sentry x2  
  78  7:23  Zealot x3  
Show
View Real Time Build Order
Export as new Build Order

Vanya Zerg - Winner!

Build Orders: Hatch First 

Get SALT Encoding   

  12  0:00  Drone  
  13  0:12  Overlord  
  13  0:17  Drone  
  14  0:30  Drone x2  
  16  0:43  Drone  
  17  0:52  Hatchery  
  17  0:55  Drone  
  17  0:59  Drone  
  18  1:09  Extractor  
  17  1:14  Spawning Pool  
  17  1:17  Drone  
  17  1:20  Drone  
  18  1:28  Drone  
  19  1:38  Drone  
  20  1:49  Overlord  
  20  2:01  Queen  
  20  2:03  Queen  
  20  2:04  Zergling x4  
  26  2:12  Drone, Metabolic Boost  
  27  2:16  Drone  
  28  2:23  Drone  
  28  2:27  Drone  
  30  2:38  Hatchery  
  30  2:41  Drone  
  30  2:46  Drone  
  30  2:49  Queen  
  33  2:55  Overlord  
  33  2:57  Drone  
  34  2:58  Drone  
  35  3:07  Drone  
  36  3:14  Drone  
  36  3:15  Drone  
  36  3:17  Drone x4  
  42  3:25  Drone  
  44  3:27  Drone  
  44  3:33  Extractor, Roach Warren  
  42  3:37  Drone x2  
  44  3:43  Overlord  
  44  3:50  Drone x3  
  44  3:52  Drone x2  
  49  4:00  Drone, Overlord  
  49  4:01  Lair  
  50  4:03  Spore Crawler  
  50  4:04  Spore Crawler  
  50  4:05  Drone  
  50  4:06  Drone, Spore Crawler  
  50  4:09  Zergling x4  
  50  4:17  Drone x3  
  50  4:18  Zergling x2  
  50  4:19  Zergling x2  
  55  4:26  Zergling x2, Roach x3  
  55  4:27  Zergling x2  
  55  4:30  Overlord  
  63  4:33  Roach  
  63  4:46  Zergling x8  
  57  4:54  Zergling x16  
  57  4:57  Drone  
  57  4:58  Overseer  
  66  5:01  Drone x4  
  66  5:06  Drone x2  
  70  5:17  Drone x3  
  73  5:21  Glial Reconstitution  
  73  5:24  Overlord  
  73  5:25  Overlord x2  
  73  5:33  Overlord  
  72  5:37  Overlord  
  72  5:40  Overlord  
  72  5:42  Zergling x2, Roach  
  74  5:44  Roach x2  
  74  5:45  Ravager  
  74  5:49  Roach x2  
  83  5:51  Drone, Overlord  
  83  5:53  Roach x2  
  87  6:00  Roach  
  87  6:01  Overlord  
  87  6:02  Drone  
  87  6:03  Drone x2  
  91  6:06  Drone x4  
  91  6:07  Extractor  
  94  6:12  Roach  
  94  6:17  Roach x2  
  99  6:24  Roach x3  
  102  6:26  Overlord  
  102  6:28  Zergling x6  
  105  6:34  Roach  
  112  6:40  Zergling x2, Roach x3  
  113  6:47  Roach  
  113  6:48  Zergling x6, Roach  
  113  6:52  Spore Crawler  
  113  6:54  Hatchery, Roach  
  120  6:57  Zergling x6  
  120  6:59  Ravager  
  124  7:04  Zergling x6  
  124  7:08  Zergling x6  
Tags
 
Add a new tag
Caveats
  • Supply blocks, unpowered buildings, or Contaminate may cause inaccurate times.
  • Supply counts are checked every 10 seconds.